 Dungeon Crawl Stone Soup version 0.30-a0-986-g7f2e898f52 (webtiles) character file.

Game seed: 7879405524706964545

4819 Shard1697 the Basher (level 10, -1/97 HPs)
             Began as an Armataur Fighter on Apr 2, 2023.
             Was an Initiate of Gozag.
             Slain by an orc warrior
             ... wielding a +0 scimitar
              (5 damage)
             ... on level 9 of the Dungeon.
             The game lasted 00:09:04 (8985 turns).

Shard1697 the Basher (Armataur Fighter)             Turns: 8985, Time: 00:09:04

Health: -1/97      AC:  9    Str: 24    XL:     10   Next: 24%
Magic:  0/10       EV:  7    Int:  9    God:    Gozag
Gold:   1085       SH:  4    Dex: 11    Spells: 9/9 levels left

rFire   . . .      SeeInvis .    a - +2 flail (heavy)
rCold   . . .      Faith    .    c - +0 buckler
rNeg    . . .      Spirit   +    g - +1 scale mail
rPois   .          Reflect  .    (no helmet)
rElec   .          Roll     +    r - +0 cloak
rCorr   .                        (no gloves)
Will    +....                    (no barding) Stlth
                                 v - amulet of guardian spirit
HPRegen 0.36/turn                w - ring of willpower
MPRegen 0.12/turn                (no ring)

@: gold aura
A: large, rugged brown scales 3, deformed body, armoured tail, roll, long
tongue, awkward tongue
a: Renounce Religion, Potion Petition, Call Merchant, Bribe Branch


You were on level 9 of the Dungeon.
You worshipped Gozag.
Gozag was most pleased with you.
You visited 2 branches of the dungeon, and saw 10 of its levels.

You collected 1143 gold pieces.
You paid 58 gold pieces to Gozag.

Inventory:

Hand Weapons
 a - a +2 heavy flail (weapon)
 b - the +5 war axe of the Abyss {drain, rF+ Will+++ Str-5 Dex+4}
   (You took it off a wight on level 8 of the Dungeon)

   Str:       It affects your strength (-5).
   Dex:       It affects your dexterity (+4).
   rF:        It protects you from fire.
   Will:      It greatly increases your willpower.
Missiles
 s - a throwing net (quivered)
Armour
 c - a +0 buckler (worn)
 g - a +1 scale mail (worn)
 q - the +1 leather armour "Lunacys" {+Inv rElec MP+9 Int-3}
   (You found it on level 5 of the Dungeon)

   Int:       It affects your intelligence (-3).
   rElec:     It insulates you from electricity.
   MP:        It affects your magic capacity (+9).
   +Inv:      It lets you turn invisible.
 r - a +0 cloak (worn)
Jewellery
 v - an amulet of guardian spirit (around neck)
 w - a ring of willpower (left hand)
 y - a ring of resist corrosion
 z - a ring of fire
Wands
 l - a wand of iceblast (3)
Scrolls
 j - 3 scrolls of amnesia
 k - 5 scrolls of teleportation
 n - 3 scrolls of enchant armour
 p - a scroll of identify
 A - a scroll of poison
 B - a scroll of blinking
Potions
 d - a potion of might
 e - a potion of curing
 f - a potion of attraction
 h - a potion of magic
 i - 4 potions of ambrosia
 m - 2 potions of resistance
 o - a potion of heal wounds
 t - a potion of mutation
 u - a potion of cancellation
 x - a potion of flight


   Skills:
 + Level 9.0 Fighting
 + Level 11.1 Maces & Flails
 - Level 3.6 Armour
 - Level 3.2 Shields


You had 9 spell levels left.
You didn't know any spells.
Your spell library contained the following spells:

 Spells                   Type           Power      Damage    Failure   Level
 Ensorcelled Hibernation  Hex/Ice        0%         N/A       88%         2
 Lesser Beckoning         Tloc           0%         N/A       88%         2
 Frozen Ramparts          Ice            0%         1d1       98%         3
 Gell's Gravitas          Tloc           0%         N/A       98%         3
 Hailstorm                Conj/Ice       0%         3d3       98%         3
 Portal Projectile        Hex/Tloc       0%         N/A       98%         3
 Teleport Other           Tloc           0%         N/A       98%         3
 Tukima's Dance           Hex            0%         N/A       98%         3
 Blade Hands              Tmut           0%         N/A       100%        5
 Freezing Cloud           Conj/Ice/Air   0%         6-21      100%        5
 Statue Form              Tmut/Erth      0%         N/A       100%        6
 Polar Vortex             Ice            0%         N/A       100%        9
 Simulacrum               Ice/Necr       Unusable   N/A       N/A         6

Dungeon Overview and Level Annotations

Branches:
Dungeon (9/15)             Temple (1/1) D:5
   Lair: D:8-11         Orc: D:9-12

Altars:
Ashenzari
Dithmenos
Elyvilon
Gozag
Hepliaklqana
Kikubaaqudgha
Makhleb
Nemelex Xobeh
Qazlal
Ru
Sif Muna
Trog
Vehumet
Wu Jian
Xom
Yredelemnul
Zin
The Shining One


Innate Abilities, Weirdness & Mutations

You are completely covered in rugged brown scales. (AC +3, +7% HP)
Armour fits poorly on your strangely shaped body.
You have a long armoured tail.
You roll when moving toward enemies. (Rampage)
Your long tongue fully drains potion bottles. (2x potion effects)
Your tongue gives you trouble enunciating. (1.5x scroll delay)


Message History

You are too injured to fight recklessly!
You are too injured to fight recklessly!
You are too injured to fight recklessly!
You are too injured to fight recklessly!
You are too injured to fight recklessly!
You are too injured to fight recklessly!
You are too injured to fight recklessly!
You barely miss the orc warrior. The orc wizard casts a spell at you.
You resist with almost no effort.
The orc warrior hits you with a +0 scimitar!
You hit the orc warrior.
The orc warrior is lightly wounded.
The orc warrior hits you but does no damage.
You hit the orc warrior but do no damage.
You tail-slap the orc warrior, but do no damage.
The orc warrior is lightly wounded.
The orc warrior hits you with a +0 scimitar!
You sock the orc!
You kill the orc!
You block the orc warrior's attack. You block the orc wizard's attack.
The orc warrior hits you but does no damage.
Things that are here:
6 gold pieces; a +0 club; a potion of lignification You closely miss the orc wizard.
The orc wizard hits you but does no damage.
The orc warrior hits you with a +0 scimitar!
* * * LOW HITPOINT WARNING * * *
You closely miss the orc wizard. You block the orc wizard's attack.
The orc warrior hits you with a +0 scimitar!
* * * LOW HITPOINT WARNING * * *
You bludgeon the orc warrior!! You tail-slap the orc warrior.
The orc warrior is almost dead.
The orc wizard barely misses you.
The orc warrior hits you with a +0 scimitar!
* * * LOW HITPOINT WARNING * * *
The orc warrior hits you with a +0 scimitar.
You die...
Your body crumbles into a pile of gold.

####################
....................
.....................
...................##
.......o.............
.....##@............
........o...........
####................
....#................
....###'###.......###
..........#.......#
..........#.......#
..........#########
....##..........<#


You could see an orc warrior and an orc wizard.

Vanquished Creatures
  A two-headed ogre (D:8)
  5 yaks (D:8)
  2 steam dragons
  3 water moccasins
  2 ice beasts
  3 sky beasts
  A black bear (D:7)
  2 centaurs (D:6)
  3 bullfrogs (D:7)
  2 scorpions (D:5)
  13 wights
  5 killer bees (D:8)
  4 howler monkeys (D:8)
  3 orc priests
  4 hounds
  3 gnoll boudas
  A jelly (D:5)
  Crazy Yiuf (D:5)
  3 iguanas
  Terence (D:2)
  2 orc wizards
  A statue (D:7)
  13 gnolls
  8 adders
  A shadow imp (D:6)
  A white imp (D:4)
  2 ufetubi
  A worm (D:3)
  6 dart slugs
  20 orcs
  12 endoplasms
  5 giant cockroaches
  11 goblins
  9 hobgoblins
  4 jackals
  3 quokkas
  4 ball pythons
  3 bats
  9 frilled lizards
  7 kobolds
  9 rats
193 creatures vanquished.

Vanquished Creatures (others)
  An orc wizard (D:9)
  An orc (D:9)
  3 fungi (D:5)
  A plant (D:6)
6 creatures vanquished.

Grand Total: 199 creatures vanquished

Notes
Turn   | Place    | Note
-------+----------+-------------------------------------------
     0 | D:1      | Shard1697 the Armataur Fighter began the quest for the Orb.
     0 | D:1      | Reached XP level 1. HP: 19/19 MP: 1/1
    22 | D:1      | Reached skill level 2 in Maces & Flails
    69 | D:1      | Reached XP level 2. HP: 20/26 MP: 2/2
    75 | D:1      | Reached skill level 3 in Maces & Flails
   222 | D:1      | Reached XP level 3. HP: 19/32 MP: 3/3
   608 | D:2      | Noticed Terence
  1041 | D:2      | Found a white marble altar of Elyvilon.
  1152 | D:2      | Reached XP level 4. HP: 37/39 MP: 4/4
  1154 | D:2      | Killed Terence
  1155 | D:2      | Reached skill level 4 in Maces & Flails
  1772 | D:3      | Noticed an ice beast
  1792 | D:3      | Killed an ice beast
  1793 | D:3      | Reached skill level 5 in Maces & Flails
  1793 | D:3      | Reached XP level 5. HP: 17/44 MP: 5/5
  1928 | D:3      | Identified the +5 hand axe "Ryzenof" {protect, rPois Dex+4}
  1956 | D:3      | Reached XP level 6. HP: 19/53 MP: 6/6
  2117 | D:3      | Found a bloodstained altar of Trog.
  2276 | D:3      | Reached skill level 6 in Maces & Flails
  2380 | D:3      | Found a broken altar of Ashenzari.
  2963 | D:4      | Reached skill level 7 in Maces & Flails
  2963 | D:4      | Reached XP level 7. HP: 52/59 MP: 7/7
  3065 | D:5      | Entered Level 5 of the Dungeon
  3065 | D:5      | Found a staircase to the Ecumenical Temple.
  3075 | Temple   | Entered the Ecumenical Temple
  3329 | D:5      | Found an opulent altar of Gozag.
  3378 | D:5      | Became a worshipper of Gozag Ym Sagoz the Greedy
  3426 | D:5      | Identified the +1 leather armour "Lunacys" {+Inv rElec MP+9
                  | Int-3}
  3440 | D:5      | Found a runed translucent door.
  3441 | D:5      | Noticed Crazy Yiuf
  3718 | D:5      | Found a stormy altar of Qazlal.
  4187 | D:5      | Found a hazy altar of Hepliaklqana.
  4229 | D:5      | Paralysed by Crazy Yiuf for 3 turns
  4235 | D:5      | Killed Crazy Yiuf
  4236 | D:5      | Reached XP level 8. HP: 18/71 MP: 8/8
  4460 | D:6      | Reached skill level 8 in Maces & Flails
  4493 | D:6      | Reached skill level 5 in Fighting
  5298 | D:6      | Reached skill level 9 in Maces & Flails
  5540 | D:6      | Reached XP level 9. HP: 53/81 MP: 9/9
  5767 | D:6      | Found a burning altar of Makhleb.
  5768 | D:6      | Noticed an Executioner
  6224 | D:7      | Got the Papyrus of the Heavy Serac
  6310 | D:7      | Found a shimmering altar of Xom.
  6388 | D:7      | Found a radiant altar of Vehumet.
  7371 | D:8      | Reached skill level 10 in Maces & Flails
  7798 | D:8      | Identified the +5 war axe of the Abyss {drain, rF+ Will+++
                  | Str-5 Dex+4}
  7798 | D:8      | Noticed a two-headed ogre
  7822 | D:8      | Killed a two-headed ogre
  7823 | D:8      | Reached XP level 10. HP: 21/96 MP: 1/10
  8074 | D:8      | Reached skill level 11 in Maces & Flails
  8985 | D:9      | HP: 4/97 [orc warrior/+0 scimitar (7)]
  8985 | D:9      | Slain by an orc warrior

Illustrated notes

Levels and vault maps discovered:
D:1:      minmay_arrival_shoal_huts, layout_rooms, minmay_strange_pillars
D:2:      layout_rooms, basic_altar, minivault_26, uniq_terence
D:3:      layout_basic, evilmike_ruin_ashenzari, overflow_temple_1_default
D:4:      layout_rooms
D:5:      layout_basic, lemuel_tele_altar, nicolae_qazlal_general_emergency,
          grunt_gozag_breadcrumbs, minmay_temple_entry_purple_smoke,
          uniq_crazy_yiuf_cottage
D:6:      corexii_shack_village, layout_basic, makhleb_altar_promises_db
D:7:      layout_rooms, mainiacjoe_overflow_brackets, vehumet_statue
D:8:      layout_layer_cave, kennysheep_generic_room_6
D:9:      layout_stronghold
Temple:   nicolae_temple_bog_church

Skill      XL: |  1  2  3  4  5  6  7  8  9 10 |
---------------+-------------------------------+-----
Maces & Flails | 2 3 5 7 9 10 11 | 11.1
Fighting       | 4 6 8 9 |  9.0
Armour         | |  3.6
Shields        | |  3.2

Action                     |  1- 3 |  4- 6 |  7- 9 | 10-12 || total
---------------------------+-------+-------+-------+-------++-------
  Melee: Flail             |   110 |    58 |   120 |    30 ||   318
         Tailslap          |     8 |    17 |    40 |     4 ||    69
         Hand axe          |       |    93 |   150 |       ||   243
         War axe           |       |       |       |     9 ||     9
    Use: Potion            |     1 |     1 |     2 |     1 ||     5
         Scroll            |       |    14 |     6 |     3 ||    23
   Stab: Invisible         |       |       |     3 |     1 ||     4
         Distracted        |       |       |       |     1 ||     1
 Armour: Scale mail        |   104 |    59 |   122 |    40 ||   325
         Skin              |       |    10 |       |       ||    10
  Dodge: Dodged            |    57 |    29 |    91 |    24 ||   201
  Block: Buckler           |    26 |    36 |    72 |    23 ||   157

Table legend: (Time is in decaauts)
 A = Elapsed time spent in this place.
 B = Non-inter-level travel time spent in this place.
 C = Inter-level travel time spent in this place.
 D = Time resting spent in this place.
 E = Time spent auto-exploring this place.
 F = Levels seen in this place.
 G = Mean time per level.
                   A        B        C        D        E       F      G
               +--------+--------+--------+--------+--------+-----+--------+
         Total |   9132 |   8983 |    149 |   1661 |   5802 |  10 |  913.2 |
       Dungeon |   8944 |   8810 |    134 |   1661 |   5646 |   9 |  993.8 |
        Temple |    187 |    172 |     15 |      0 |    156 |   1 |  187.0 |
               +--------+--------+--------+--------+--------+-----+--------+

Top non-repeatable levels by time:
     D:8: 2017 daAuts
     D:6: 1554 daAuts
     D:5: 1415 daAuts
     D:1: 944 daAuts
     D:3: 915 daAuts
     D:2: 682 daAuts
     D:4: 586 daAuts
     D:7: 572 daAuts
     D:9: 255 daAuts
  Temple: 187 daAuts
